 Dungeon Crawl Stone Soup version 0.30-a0-1050-g2766ea1e55 (webtiles) character file.

Game seed: 8378092603514263944

3891 Burgietje the Fighter (level 10, -6/70 HPs)
             Began as a Gargoyle Fighter on Apr 11, 2023.
             Was an Elder of Cheibriados.
             Mangled by an orc warrior
             ... wielding a +0 glaive
              (18 damage)
             ... on level 8 of the Dungeon.
             The game lasted 00:09:13 (7337 turns).

Burgietje the Fighter (Gargoyle Fighter)            Turns: 7337, Time: 00:09:13

Health: -6/70      AC: 14    Str: 34    XL:     10   Next: 19%
Magic:  10/10      EV: 14    Int: 19    God:    Cheibriados [****..]
Gold:   299        SH:  5    Dex: 19    Spells: 9/9 levels left

rFire   . . .      SeeInvis +    a - +0 war axe
rCold   . . .      Faith    .    c - +0 buckler
rNeg    + . .      Spirit   .    b - +0 scale mail
rPois   ∞          Reflect  .    (no helmet)
rElec   +          Rampage  .    (no cloak)
rCorr   .                        (no gloves)
Will    .....                    (no boots) Stlth
                                 d - amulet of magic regeneration
HPRegen 0.31/turn                p - +5 ring of evasion
MPRegen 0.52/turn                m - ring of see invisible

@: very slow
A: sickness immunity, AC +7, negative energy resistance 1, electricity
resistance, torment resistance 1, petrification resistance
a: Renounce Religion, Bend Time, Temporal Distortion, Slouch


You were on level 8 of the Dungeon.
You worshipped Cheibriados.
Cheibriados was greatly pleased with you.
You visited 2 branches of the dungeon, and saw 9 of its levels.
You also visited: Sewer.

You collected 431 gold pieces.
You spent 132 gold pieces at shops.

Inventory:

Hand Weapons
 a - a +0 war axe (weapon)
 i - a +1 whip of electrocution
 x - a +0 whip of flaming
Missiles
 e - 70 stones (quivered)
 q - 3 throwing nets
Armour
 b - a +0 scale mail (worn)
 c - a +0 buckler (worn)
Jewellery
 d - an amulet of magic regeneration (around neck)
 m - a ring of see invisible (right hand)
 p - a +5 ring of evasion (left hand)
 s - a ring of wizardry
 u - a ring of wizardry
 A - a ring of positive energy
 G - a ring of positive energy
Wands
 y - a wand of roots (5)
Scrolls
 f - 2 scrolls of blinking
 j - 4 scrolls of teleportation
 k - 2 scrolls of vulnerability
 l - a scroll of magic mapping
 o - 2 scrolls of torment
 C - 2 scrolls of fear
 E - 2 scrolls of amnesia
 F - 2 scrolls of noise
Potions
 g - 2 potions of lignification
 h - a potion of attraction {unknown}
 n - 2 potions of brilliance
 r - 2 potions of degeneration
 t - 4 potions of curing
 v - 2 potions of haste {unknown}
 w - 2 potions of berserk rage {unknown}
 z - a potion of flight {unknown}
 B - 2 potions of cancellation {unknown}
 D - a potion of resistance {unknown}


   Skills:
 + Level 11.6 Fighting
 + Level 9.5 Axes
 - Level 3.2 Armour
 - Level 3.2 Shields


You had 9 spell levels left.
You didn't know any spells.
Your spell library contained the following spells:

 Spells                   Type           Power      Damage    Failure   Level
 Call Canine Familiar     Summ           0%         N/A       83%         3
 Ignite Poison            Fire/Tmut/Pois 0%         N/A       83%         3
 Portal Projectile        Hex/Tloc       0%         N/A       83%         3
 Tukima's Dance           Hex            0%         N/A       83%         3
 Leda's Liquefaction      Hex/Erth       0%         N/A       99%         4
 Blade Hands              Tmut           0%         N/A       100%        5
 Freezing Cloud           Conj/Ice/Air   0%         6-21      100%        5
 Cigotuvi's Dreadful Rot  Necr/Pois/Air  Unusable   N/A       N/A         2

Dungeon Overview and Level Annotations

Branches:
Dungeon (8/15)             Temple (1/1) D:6           Sewer (visited)
   Lair: D:8-11

Altars:
Ashenzari
Cheibriados
Dithmenos
Elyvilon
Fedhas
Gozag
Hepliaklqana
Kikubaaqudgha
Makhleb
Nemelex Xobeh
Okawaru
Qazlal
Ru
Sif Muna
Trog
Uskayaw
Vehumet
Wu Jian
Xom
Zin
The Shining One

Shops:
D:5 ?


Innate Abilities, Weirdness & Mutations

You are immune to sickness and miasma.
Your stone body is resilient. (AC +7)
You are immune to poison.
You resist negative energy. (rN+)
You are resistant to electric shocks. (rElec)
You are resistant to unholy torment.
You are immune to petrification.


Message History

You kill the orc!
Cheibriados thoroughly appreciates the change of pace.
The orc warrior hits you from afar with a +0 glaive.
The orc warrior hits you with a +0 glaive!
The orc hits you but does no damage. The orc barely misses you.
The orc warrior barely misses you.
Items here: )) [ †.
You hit the orc but do no damage. You slash the orc warrior!
The orc misses you. The orc warrior closely misses you.
You slash the orc!
You kill the orc!
Cheibriados thoroughly appreciates the change of pace.
You completely miss the orc warrior. The orc warrior barely misses you.
The orc warrior closely misses you. x2
Things that are here:
a +0 club; a +0 chain mail You closely miss the orc warrior.
The orc warrior is moderately wounded.
The orc warrior barely misses you.
You closely miss the orc warrior.
The orc warrior is moderately wounded.
The orc warrior hits you with a +0 glaive.
You hit the orc warrior.
The orc warrior is heavily wounded.
The orc warrior hits you with a +0 glaive!
* * * LOW HITPOINT WARNING * * *
You closely miss the orc warrior.
The orc warrior is heavily wounded.
The orc warrior hits you but does no damage.
You closely miss the orc warrior.
The orc warrior is heavily wounded.
The orc warrior hits you with a +0 glaive!
* * * LOW HITPOINT WARNING * * *
You hit the orc warrior.
The orc warrior is heavily wounded.
The orc warrior closely misses you.
You slash the orc warrior!
The orc warrior is almost dead.
The orc warrior hits you with a +0 glaive!!
You die...

..###........,,,*,,,,,,***,,,,,**
..##...###......#.....,,,,,,,,,,*
....#..###...........#,,,,,,,,,,*
.....................##.,,,,,,,,*
#..#....................,,,,,,,**
#.##..#.................,,,,,,,**
..###.#.................,,,,,,,,,
...##...................,,,,,*,,,
#.###...[.....##@o..:...,,,,,,,,,
#..###......<...).......,,****,*,
.)....................#.,,****,*,
....#...............###,,,,**,,,,
....##....<.............,,,,,,,,,
.........#.........##..#**,,,,*,,
........##........##*..#**,,,****
...#'#..##...#+#.......#*,,*,**
..##.##.....##,##.#.#.,,,,,*,,**


You could see an orc warrior.

Vanquished Creatures
  Pikel (D:4)
  Joseph (D:7)
  An unseen horror (D:8)
  Prince Ribbit (D:6)
  2 steam dragons
  A water moccasin (D:6)
  An orc warrior (D:7)
  3 sky beasts
  An ice beast (D:5)
  2 black bears
  2 ogres
  A centaur (D:5)
  A lemure (D:4)
  2 kobold brigands (Sewer)
  8 wights
  2 jellies
  2 orc priests
  6 hounds
  Jessica (D:3)
  A gnoll bouda (D:5)
  2 orc wizards
  5 iguanas
  Robin (D:2)
  7 gnolls
  4 adders
  A river rat (Sewer)
  A white imp (D:7)
  An ufetubus (D:7)
  5 worms
  2 dart slugs (D:4)
  22 orcs
  11 endoplasms
  3 giant cockroaches
  14 goblins
  10 hobgoblins
  11 jackals
  21 kobolds
  12 ball pythons
  7 bats
  2 frilled lizards (D:1)
  8 rats
190 creatures vanquished.

Vanquished Creatures (others)
  A kobold brigand (D:6)
1 creature vanquished.

Grand Total: 191 creatures vanquished

Notes
Turn   | Place    | Note
-------+----------+-------------------------------------------
     0 | D:1      | Burgietje the Gargoyle Fighter began the quest for the Orb.
     0 | D:1      | Reached XP level 1. HP: 14/14 MP: 1/1
   193 | D:1      | Reached XP level 2. HP: 19/19 MP: 2/2
   681 | D:2      | Reached XP level 3. HP: 24/24 MP: 3/3
   697 | D:2      | Reached skill level 4 in Fighting
   887 | D:2      | Found a shimmering blue altar of Sif Muna.
  1266 | D:3      | Reached XP level 4. HP: 18/30 MP: 4/4
  1548 | D:3      | Noticed Robin
  1562 | D:2      | Reached XP level 5. HP: 19/34 MP: 5/5
  1695 | D:3      | Noticed Jessica
  1731 | D:2      | Reached skill level 5 in Fighting
  1769 | D:2      | Killed Robin
  1805 | D:3      | Killed Jessica
  1947 | D:3      | Found a snail-covered altar of Cheibriados.
  2125 | D:3      | Found a shadowy altar of Dithmenos.
  2126 | D:3      | Found a hide-covered altar of Uskayaw.
  2127 | D:3      | Found a bloodstained altar of Trog.
  2128 | D:3      | Found a sacrificial altar of Ru.
  2130 | D:3      | Found a sparkling altar of Nemelex Xobeh.
  2554 | D:3      | Became a worshipper of Cheibriados the Contemplative
  2690 | D:4      | Reached XP level 6. HP: 40/40 MP: 6/6
  2773 | D:4      | Noticed Pikel
  2785 | D:4      | Killed Pikel
  2786 | D:4      | Reached skill level 7 in Fighting
  2786 | D:4      | Reached skill level 5 in Axes
  2786 | D:4      | Reached XP level 7. HP: 28/48 MP: 7/7
  3020 | D:4      | Reached * piety under Cheibriados
  3371 | D:4      | Identified the +6 dagger of Mayhem {distort, rN+ MP+9
                  | Str-2}
  3545 | D:5      | Entered Level 5 of the Dungeon
  3560 | D:5      | Reached XP level 8. HP: 44/54 MP: 8/8
  3674 | D:5      | Reached skill level 8 in Fighting
  3840 | D:5      | Found a glowing drain.
  3847 | D:5      | Found Pyvviosi's Magic Scroll Emporium.
  3860 | Sewer    | Entered a sewer
  3916 | Sewer    | Reached ** piety under Cheibriados
  4459 | D:5      | Bought a scroll of teleportation for 33 gold pieces
  4459 | D:5      | Bought a scroll of amnesia for 44 gold pieces
  4459 | D:5      | Bought a scroll of fear for 44 gold pieces
  4459 | D:5      | Bought a scroll of noise for 11 gold pieces
  4781 | D:5      | Found an ornate altar of the Wu Jian Council.
  5034 | D:6      | Reached skill level 9 in Fighting
  5034 | D:6      | Reached *** piety under Cheibriados
  5114 | D:6      | Reached XP level 9. HP: 60/60 MP: 9/9
  5272 | D:6      | Noticed Prince Ribbit
  5281 | D:6      | Killed Prince Ribbit
  5298 | D:6      | Found a staircase to the Ecumenical Temple.
  5307 | Temple   | Entered the Ecumenical Temple
  5553 | D:6      | Reached skill level 10 in Fighting
  6020 | D:7      | Noticed Joseph
  6039 | D:7      | HP: 2/62 [Joseph/+0 quarterstaff (3)]
  6041 | D:7      | Killed Joseph
  6285 | D:7      | Reached **** piety under Cheibriados
  6653 | D:7      | Reached skill level 11 in Fighting
  6744 | D:7      | Reached XP level 10. HP: 69/69 MP: 10/10
  7186 | D:8      | Noticed an unseen horror
  7200 | D:8      | Killed an unseen horror
  7260 | D:8      | Identified the +0 robe "Icuat" {rCorr Str+3}
  7337 | D:8      | Mangled by an orc warrior

Illustrated notes

Levels and vault maps discovered:
D:1:      spicycebolla_green_bress_n_ham_2, layout_basic,
          minmay_misc_feat_ornament
D:2:      layout_rooms, basic_altar, hangedman_decor_points
D:3:      layout_basic, mainiacjoe_overflow_alcove_1, minitemple,
          corexii_leaking_fountain, kennysheep_generic_room_12, uniq_robin,
          uniq_jessica
D:4:      layout_basic, ebering_dispersal_statue_hall, minmay_close_crescents,
          uniq_pikel
D:5:      layout_rooms, mainiacjoe_overflow_alcove_2,
          cheibrodos_sewer_entry_sluice, serial_shops, nicolae_shop_trees,
          serial_curves, eino_curves_04, eino_curves_02, patterned_corridor
D:6:      layout_rooms, minmay_temple_entry_junction_2, uniq_prince_ribbit1
D:7:      layout_gridville, uniq_joseph
D:8:      layout_cave_pools, nicolae_hexahallways
Temple:   dpeg_chambers_temple

Skill      XL: |  1  2  3  4  5  6  7  8  9 |
---------------+----------------------------+-----
Axes           | 2 3 4 5 6 7 9 |  9.5
Fighting       | 4 5 7 9 11 | 11.6
Armour         | |  3.2
Shields        | |  3.2

Action                     |  1- 3 |  4- 6 |  7- 9 | 10-12 || total
---------------------------+-------+-------+-------+-------++-------
  Melee: War axe           |   115 |   150 |   356 |    43 ||   664
    Use: Potion            |       |     1 |     3 |       ||     4
         Scroll            |       |       |     8 |     5 ||    13
 Armour: Scale mail        |    55 |    84 |   173 |    13 ||   325
  Dodge: Dodged            |    59 |    88 |   220 |    36 ||   403
  Block: Buckler           |    17 |    34 |    84 |     7 ||   142

Table legend: (Time is in decaauts)
 A = Elapsed time spent in this place.
 B = Non-inter-level travel time spent in this place.
 C = Inter-level travel time spent in this place.
 D = Time resting spent in this place.
 E = Time spent auto-exploring this place.
 F = Levels seen in this place.
 G = Mean time per level.
                   A        B        C        D        E       F      G
               +--------+--------+--------+--------+--------+-----+--------+
         Total |   9376 |   8951 |    425 |    432 |   6881 |  10 |  937.6 |
       Dungeon |   8048 |   7658 |    390 |    432 |   5836 |   8 | 1006.0 |
        Temple |    366 |    331 |     35 |      0 |    309 |   1 |  366.0 |
         Sewer |    961 |    961 |      0 |      0 |    735 |   1 |  961.0 |
               +--------+--------+--------+--------+--------+-----+--------+

Top non-repeatable levels by time:
     D:7: 1579 daAuts
     D:3: 1286 daAuts
     D:4: 1219 daAuts
     D:5: 1119 daAuts
     D:6: 1090 daAuts
   Sewer: 961 daAuts
     D:2: 753 daAuts
     D:1: 637 daAuts
  Temple: 366 daAuts
     D:8: 361 daAuts
